 Dungeon Crawl Stone Soup version 0.21.1-1-g345015f (webtiles) character file.

192 hannobal the Charmwright (level 5, -1/43 HPs)
             Began as a Gnoll Skald on Mar 11, 2018.
             Was a Follower of Wu Jian.
             Slain by Grinder (3 damage)
             ... on level 3 of the Dungeon.
             The game lasted 00:11:05 (2612 turns).

hannobal the Charmwright (Gnoll Skald)              Turns: 2612, Time: 00:11:06

Health: -1/43      AC:  6    Str: 14    XL:     5   Next: 71%
Magic:  3/12       EV: 14    Int: 15    God:    Wu Jian [*.....]
Gold:   128        SH:  0    Dex: 15    Spells: 3/14 levels left

rFire    . . .     SeeInvis .   a - +0 mace
rCold    . . .     Gourm    .   (no shield)
rNeg     . . .     Faith    .   n - +3 leather armour
rPois    .         Spirit   .   (no helmet)
rElec    .         Reflect  .   (no cloak)
rCorr    .         Harm     .   (no gloves)
MR       .....                  (no boots)
Stlth    ++........             (no amulet)
HPRegen  0.14/turn              (no ring)
MPRegen  0.13/turn              (no ring)

@: no status effects
A: distributed training, fangs 1, strong nose
a: Renounce Religion


You were on level 3 of the Dungeon.
You worshipped Wu Jian.
Wu Jian was aware of your devotion.
You were not hungry.

You visited 1 branch of the dungeon, and saw 3 of its levels.

You collected 128 gold pieces.

Inventory:

Hand Weapons
 a - a +0 mace (weapon)
 h - a +0 spear
 p - a +0 flail
Missiles
 e - a tomahawk of returning (quivered)
 f - 87 stones
 i - 38 sling bullets
 o - 8 arrows
Armour
 b - a +0 leather armour
 g - a +0 ring mail
 l - a +0 chain mail
 n - a +3 leather armour (worn)
Potions
 k - a potion of agility
Books
 c - a book of Battle

   Spells                             Type                      Level
   a - Infusion                       Charms                       1
   b - Shroud of Golubria             Charms/Translocation         2
   c - Song of Slaying                Charms                       2
   d - Spectral Weapon                Hexes/Charms                 3
   e - Regeneration                   Charms/Necromancy            3
Comestibles
 d - 6 rations


   Skills:
 + Level 4.8 Fighting
 + Level 1.5 Short Blades
 + Level 1.5 Long Blades
 + Level 1.5 Axes
 + Level 4.8 Maces & Flails
 + Level 1.5 Polearms
 + Level 1.5 Staves
 + Level 1.5 Slings
 + Level 1.5 Bows
 + Level 1.5 Crossbows
 + Level 1.5 Throwing
 + Level 3.0 Armour
 + Level 4.8 Dodging
 + Level 1.5 Stealth
 + Level 1.5 Shields
 + Level 1.5 Unarmed Combat
 + Level 5.2 Spellcasting
 + Level 1.2 Conjurations
 + Level 1.2 Hexes
 + Level 5.5 Charms
 + Level 1.2 Summonings
 + Level 1.2 Necromancy
 + Level 1.2 Translocations
 + Level 1.2 Transmutations
 + Level 1.2 Fire Magic
 + Level 1.2 Ice Magic
 + Level 1.2 Air Magic
 + Level 1.2 Earth Magic
 + Level 1.2 Poison Magic
 + Level 1.7 Invocations
 + Level 1.5 Evocations


You had 3 spell levels left.
You knew the following spells:

 Your Spells              Type           Power        Failure   Level  Hunger
a - Infusion              Chrm           ###.         1%          1    None
b - Song of Slaying       Chrm           ###.....     3%          2    ##.....
r - Regeneration          Chrm/Necr      ##........   14%         3    ###....
s - Shroud of Golubria    Chrm/Tloc      ##........   8%          2    ##.....
w - Spectral Weapon       Hex/Chrm       ##......     14%         3    ###....


Dungeon Overview and Level Annotations

Branches:
Dungeon (3/15)

Altars:
Cheibriados
Elyvilon
Gozag
Hepliaklqana
Kikubaaqudgha
Makhleb
Trog
Uskayaw
Wu Jian
Zin

Annotations:
D:3 Grinder


Innate Abilities, Weirdness & Mutations

Your experience applies equally to all skills.
You have very sharp teeth.
Your uncanny sense of smell can sniff out nearby items.


Message History

Grinder is severely wounded.
Grinder barely misses you.
You barely miss Grinder.
Grinder is severely wounded.
Grinder hits you but does no damage.
You hit Grinder but do no damage.
Grinder is severely wounded.
Grinder barely misses you.
You hit Grinder but do no damage.
Grinder is severely wounded.
Grinder closely misses you. Grinder barely misses you.
You closely miss Grinder.
Grinder is severely wounded.
Grinder hits you but does no damage.
You barely miss Grinder.
Grinder is severely wounded.
Grinder hits you!
* * * LOW HITPOINT WARNING * * *
You writhe in agony.
You die...

#############
#...........##
#.#5@.........
###...######....
#.(.###♣♣♣♣# .
##)###♣♣....♣♣♣#
#..#♣♣.........♣♣
##.##♣...........♣
#..#♣............♣
#.##♣............♣
#.#♣..♣♣♣♣♣♣.._..♣


You could see Grinder.

Vanquished Creatures
  A bullfrog (D:3)
  An iguana (D:3)
  Terence (D:3)
  An ooze (D:2)
  A worm (D:2)
  2 dart slugs (D:2)
  2 leopard geckos
  4 orcs (D:3)
  A ball python (D:1)
  9 bats
  4 giant cockroaches
  4 goblins
  4 hobgoblins
  5 jackals
  A quokka (D:2)
  2 frilled lizards (D:1)
  7 kobolds
  7 rats
57 creatures vanquished.

Vanquished Creatures (others)
  2 spectral weapons (D:3)
2 creatures vanquished.

Grand Total: 59 creatures vanquished

Notes
Turn   | Place    | Note
-------+----------+-------------------------------------------
     0 | D:1      | hannobal the Gnoll Skald began the quest for the Orb.
     0 | D:1      | Reached XP level 1. HP: 20/20 MP: 6/6
   110 | D:1      | Reached XP level 2. HP: 23/26 MP: 7/7
   163 | D:1      | You fall through a shaft!
   909 | D:1      | Reached XP level 3. HP: 31/31 MP: 6/9
  1068 | D:2      | Found a glowing silver altar of Zin.
  1069 | D:2      | Found a hazy altar of Hepliaklqana.
  1071 | D:2      | Found a burning altar of Makhleb.
  1178 | D:2      | Found an ornate altar of the Wu Jian Council.
  1186 | D:2      | Became a worshipper of the Wu Jian Council
  1195 | D:2      | Reached skill level 5 in Spellcasting
  1349 | D:2      | Found a bloodstained altar of Trog.
  1505 | D:2      | Reached skill level 1 in Invocations
  1643 | D:2      | Learned a level 3 spell: Spectral Weapon
  1646 | D:2      | Learned a level 2 spell: Song of Slaying
  1649 | D:2      | Learned a level 2 spell: Shroud of Golubria
  1664 | D:2      | Found an opulent altar of Gozag.
  1836 | D:2      | Found a snail-covered altar of Cheibriados.
  1865 | D:2      | Reached skill level 1 in Short Blades
  1865 | D:2      | Reached skill level 1 in Long Blades
  1865 | D:2      | Reached skill level 1 in Axes
  1865 | D:2      | Reached skill level 1 in Polearms
  1865 | D:2      | Reached skill level 1 in Staves
  1865 | D:2      | Reached skill level 1 in Slings
  1865 | D:2      | Reached skill level 1 in Bows
  1865 | D:2      | Reached skill level 1 in Crossbows
  1865 | D:2      | Reached skill level 1 in Throwing
  1865 | D:2      | Reached skill level 1 in Stealth
  1865 | D:2      | Reached skill level 1 in Shields
  1865 | D:2      | Reached skill level 1 in Unarmed Combat
  1865 | D:2      | Reached skill level 1 in Evocations
  1966 | D:2      | Reached XP level 4. HP: 38/38 MP: 8/11
  1994 | D:2      | Learned a level 3 spell: Regeneration
  2048 | D:3      | Found an ancient bone altar of Kikubaaqudgha.
  2067 | D:3      | Reached * piety under Wu Jian
  2156 | D:3      | Found a hide-covered altar of Uskayaw.
  2156 | D:3      | Noticed a hand axe
  2157 | D:3      | Noticed a dagger
  2229 | D:3      | Noticed Terence
  2250 | D:3      | Killed Terence
  2250 | D:3      | Reached skill level 1 in Conjurations
  2250 | D:3      | Reached skill level 1 in Hexes
  2250 | D:3      | Reached skill level 1 in Summonings
  2250 | D:3      | Reached skill level 1 in Necromancy
  2250 | D:3      | Reached skill level 1 in Translocations
  2250 | D:3      | Reached skill level 1 in Transmutations
  2250 | D:3      | Reached skill level 1 in Fire Magic
  2250 | D:3      | Reached skill level 1 in Ice Magic
  2250 | D:3      | Reached skill level 1 in Air Magic
  2250 | D:3      | Reached skill level 1 in Earth Magic
  2250 | D:3      | Reached skill level 1 in Poison Magic
  2338 | D:3      | Noticed a bullfrog
  2348 | D:3      | Killed a bullfrog
  2348 | D:3      | Reached XP level 5. HP: 41/43 MP: 2/12
  2521 | D:3      | Found a white marble altar of Elyvilon.
  2545 | D:3      | Noticed Grinder
  2562 | D:3      | Paralysed by Grinder for 7 turns
  2600 | D:3      | Paralysed by Grinder for 5 turns
  2612 | D:3      | HP: 2/43 [Grinder (8)]
  2612 | D:3      | Slain by Grinder

Skill      XL: |  1  2  3  4 |
---------------+-------------+-----
Spellcasting   | 5 |  5.2
Invocations    | 1 |  1.7
Short Blades   | 1 |  1.5
Long Blades    | 1 |  1.5
Axes           | 1 |  1.5
Polearms       | 1 |  1.5
Staves         | 1 |  1.5
Slings         | 1 |  1.5
Bows           | 1 |  1.5
Crossbows      | 1 |  1.5
Throwing       | 1 |  1.5
Stealth        | 1 |  1.5
Shields        | 1 |  1.5
Unarmed Combat | 1 |  1.5
Evocations     | 1 |  1.5
Conjurations   | 1 |  1.2
Hexes          | 1 |  1.2
Summonings     | 1 |  1.2
Necromancy     | 1 |  1.2
Translocations | 1 |  1.2
Transmutations | 1 |  1.2
Fire Magic     | 1 |  1.2
Ice Magic      | 1 |  1.2
Air Magic      | 1 |  1.2
Earth Magic    | 1 |  1.2
Poison Magic   | 1 |  1.2
Armour         | 3 |  3.0
Fighting       | |  4.8
Maces & Flails | |  4.8
Dodging        | |  4.8
Charms         | |  5.5

Action                   |  1- 3 |  4- 6 || total
-------------------------+-------+-------++-------
Melee: Mace              |    75 |    75 ||   150
       Bite              |    15 |     9 ||    24
       Whip              |    67 |       ||    67
       Punch             |     1 |     1 ||     2
Throw: Tomahawk          |       |     4 ||     4
 Cast: Infusion          |    18 |     3 ||    21
       Shroud of Golubri |       |     4 ||     4
       Spectral Weapon   |       |     5 ||     5
       Song of Slaying   |       |     2 ||     2
       Regeneration      |       |     2 ||     2
Invok: Lunge             |     5 |     1 ||     6
       Whirlwind         |       |     2 ||     2
  Use: Potion            |     7 |     1 ||     8
       Scroll            |     3 |     2 ||     5
 Stab: Sleeping          |     1 |       ||     1
       Distracted        |       |     1 ||     1
  Eat: Chunk             |     3 |     3 ||     6
Armor: Leather armour    |    17 |    14 ||    31
       Ring mail         |    29 |       ||    29
       Skin              |       |    10 ||    10
Dodge: Dodged            |   118 |    51 ||   169
